 Dungeon Crawl Stone Soup version 0.17-a0-488-g0a147b9 (webtiles) character file.

63 vidarsk the Sneak (level 3, 0/18 HPs)
             Began as a Spriggan Enchanter on Apr 9, 2015.
             Killed by divine providence
             ... invoked by an orc priest
              (12 damage)
             ... on level 3 of the Dungeon.
             The game lasted 00:10:24 (1873 turns).

vidarsk the Sneak (Spriggan Enchanter)              Turns: 1873, Time: 00:10:24

Health: 0/18       AC:  4    Str:  4    XL:     3   Next: 87%
Magic:  6/8        EV: 17    Int: 16    God:
Gold:   159        SH:  0    Dex: 12    Spells: 3 memorised, 1 level left

rFire  . . .     SeeInvis +     k - +2 short sword (speed)
rCold  . . .     Clarity  .     b - +2 robe
rNeg   . . .     SustAb   .     (shield restricted)
rPois  .         Gourm    .     (helmet restricted)
rElec  .         Spirit   .     (no cloak)
rCorr  .         Warding  .     (gloves unavailable)
rMut   .         Stasis   .     (boots unavailable)
MR     .....                    (no amulet)
Stlth  +++.......               (no ring)
                                l - -5 ring of dexterity (curse)

@: very quick, not resistant to hostile enchantments, fairly stealthy
A: unfitting armour, see invisible, herbivore 3, speed 3, slow metabolism 2
a: no special abilities


You were on level 3 of the Dungeon.
You were not hungry.

You visited 1 branch of the dungeon, and saw 3 of its levels.

You collected 159 gold pieces.

Inventory:

Hand weapons
 a - a +1 dagger
 k - a +2 short sword of speed (weapon)
Missiles
 e - 7 needles of slowing
Armour
 b - a +2 robe (worn)
Jewellery
 l - a cursed -5 ring of dexterity (left hand)
Scrolls
 f - 5 scrolls of identify
Potions
 i - a potion of restore abilities
 j - a potion of poison {unknown}
 m - a potion of heal wounds {unknown}
Books
 c - a book of Maledictions

   Spells                             Type                      Level
   a - Corona                         Hexes                        1
   b - Ensorcelled Hibernation        Hexes/Ice                    2
   c - Confuse                        Hexes                        3
   d - Tukima's Dance                 Hexes                        3
   e - Dazzling Spray                 Conjuration/Hexes            3
Comestibles
 d - 2 bread rations


   Skills:
 + Level 1.4 Fighting
 + Level 2.2 Short Blades
 - Level 3.0 Dodging
 - Level 5.0 Stealth
 - Level 3.0 Spellcasting
 - Level 4.0 Hexes


You had one spell level left.
You knew the following spells:

 Your Spells              Type           Power        Failure   Level  Hunger
a - Corona                Hex            ###....      4%          1    #......
b - Tukima's Dance        Hex            ###.....     12%         3    ###....
C - Confuse               Hex            ###.....     12%         3    ###....


Dungeon Overview and Level Annotations

Branches:
Dungeon (3/15)

Altars:
Xom


Innate Abilities, Weirdness & Mutations

You are tiny and cannot use many weapons and most armour.
You have supernaturally acute eyesight.
You are a herbivore.
You cover ground extremely quickly.
You need consume almost no food.


Message History

Press: ? - help, Shift-Dir - straight line, f/p - orc
Aim: an orc (severely wounded, chance 69%)
The orc is outlined in light.
The orc misses you.
You hit the orc.
You kill the orc!
You start resting.
Casting: Corona
Confirm with . or Enter, or press ? or * to list all spells.
Aiming: Corona
Press: ? - help, Shift-Dir - straight line, f - orc priest
Aim: an orc priest, wielding a flail (hasn't noticed you, chance 51%)
The orc priest shouts!
The orc priest is outlined in light.
You barely miss the orc priest. You hit the orc priest.
The orc priest is moderately wounded.
The orc priest invokes the aid of Beogh against you.
Something smites you!
Ouch! That really hurt!
You die...

#.# #.# #.# #.#
##### #.#
#.#....?.. #.#
##......... #.#
######....####..
#.#
#....o....o....
#<#
#.####....#..o.
#.###o# ##.#.#
... #..@o.#
%.#..o . ####..#
.##...# #..# .
... #..# . #..#
#..# #... #.##
#..


You could see an orc priest and an orc wizard.

Vanquished Creatures
  A worm (D:2)
  2 adders (D:2)
  An orc (D:3)
  A giant cockroach (D:1)
  5 goblins
  A hobgoblin (D:2)
  10 jackals
  8 kobolds
  A ball python (D:1)
  2 bats
  4 giant newts
  7 rats
43 creatures vanquished.

Notes
Turn   | Place    | Note
--------------------------------------------------------------
     0 | D:1      | vidarsk, the Spriggan Enchanter, began the quest for the Orb.
     0 | D:1      | Reached XP level 1. HP: 9/9 MP: 5/5
   603 | D:1      | Reached XP level 2. HP: 13/13 MP: 4/6
   853 | D:1      | Reached skill level 5 in Stealth
  1309 | D:2      | Reached skill level 1 in Fighting
  1309 | D:2      | Reached XP level 3. HP: 15/18 MP: 4/8
  1314 | D:2      | Learned a level 3 spell: Tukima's Dance
  1318 | D:2      | Learned a level 3 spell: Confuse
  1411 | D:2      | Found a shimmering altar of Xom.
  1873 | D:3      | Killed from afar by an orc priest

Action                   || total
-------------------------++-------
Melee: Dagger            ||   106
       Short sword       ||    63
 Cast: Corona            ||    56
  Use: Scroll            ||     4
